 Dungeon Crawl Stone Soup version 0.28.0-53-g5a82cb258f (webtiles) character file.

Game seed: 16928200910104987658

3682 Peloso the Carver (level 9, -3/79 HPs)
             Began as a Minotaur Fighter on June 10, 2022.
             Was a Believer of Okawaru.
             Slain by an orc warrior
             ... wielding a +0 war axe
              (8 damage)
             ... on level 6 of the Dungeon.
             The game lasted 00:13:35 (8231 turns).

Peloso the Carver (Minotaur Fighter)                Turns: 8231, Time: 00:13:35

Health: -3/79      AC: 18    Str: 23    XL:     9   Next: 90%
Magic:  6/8        EV: 13    Int:  5    God:    Okawaru [**....]
Gold:   368        SH:  7    Dex: 12    Spells: 8/8 levels left

rFire   . . .      SeeInvis .   a - +4 falchion
rCold   . . .      Faith    .   c - +0 buckler
rNeg    . . .      Spirit   .   b - +0 scale mail
rPois   .          Reflect  .   (helmet restricted)
rElec   .          Harm     .   k - +2 cloak
rCorr   .          Rampage  .   u - +0 pair of gloves
Will    .....                   A - +2 pair of boots
Stlth   ++........              (no amulet)
HPRegen 0.23/turn               (no ring)
MPRegen 0.11/turn               (no ring)

@: heroic
A: horns 2, retaliatory headbutt
a: Renounce Religion, Heroism


You were on level 6 of the Dungeon.
You worshipped Okawaru.
Okawaru was pleased with you.
You visited 2 branches of the dungeon, and saw 8 of its levels.

You collected 368 gold pieces.

Inventory:

Hand Weapons
 a - a +4 falchion (weapon)
Armour
 b - a +0 scale mail (worn)
 c - a +0 buckler (worn)
 k - a +2 cloak (worn)
 u - a +0 pair of gloves (worn)
 A - a +2 pair of boots (worn)
Jewellery
 i - a +6 ring of intelligence
Wands
 s - a wand of iceblast (7)
 y - a wand of flame (23)
 B - a wand of paralysis (2)
Scrolls
 e - a scroll of torment {unknown}
 g - a scroll of brand weapon {unknown}
 j - 9 scrolls of identify {unknown}
 m - 2 scrolls of fear {unknown}
 n - 2 scrolls of immolation {unknown}
 o - 2 scrolls of enchant weapon {unknown}
 p - 2 scrolls of teleportation {unknown}
 q - 2 scrolls of fog {unknown}
 r - a scroll of noise {unknown}
 t - 3 scrolls of magic mapping {unknown}
 w - a scroll of amnesia {unknown}
 C - a scroll of holy word {unknown}
Potions
 d - a potion of might
 f - 2 potions of degeneration {unknown}
 h - a potion of magic {unknown}
 l - a potion of haste {unknown}
 v - a potion of attraction {unknown}
 x - a potion of mutation {unknown}
 z - a potion of flight {unknown}


   Skills:
 + Level 7.4(12.4) Fighting
 + Level 10.9(15.9) Long Blades
 + Level 8.9(13.9) Armour
 + Level 4.8(9.8) Dodging
 + Level 0.7(5.7) Stealth
 + Level 7.0(12.0) Shields


You had 8 spell levels left.
You didn't know any spells.
Your spell library contained the following spells:

 Spells                   Type           Power      Damage    Failure   Level
 Slow                     Hex            0%         N/A       77%         1
 Blink                    Tloc           0%         N/A       88%         2
 Confusing Touch          Hex            0%         N/A       98%         3
 Vampiric Draining        Necr           0%         2d6       98%         3
 Manifold Assault         Tloc           0%         N/A       100%        5
 Storm Form               Tmut/Air       0%         N/A       100%        7


Dungeon Overview and Level Annotations

Branches:
Dungeon (7/15)             Temple (1/1) D:4

Altars:
Ashenzari
Cheibriados
Dithmenos
Hepliaklqana
Makhleb
Okawaru
Qazlal
Ru
Sif Muna
Trog
Uskayaw
Xom
Yredelemnul

Shops:
D:5 :

Annotations:
D:6 2 transporters


Innate Abilities, Weirdness & Mutations

You have a pair of horns on your head.
You reflexively headbutt those who attack you in melee.


Message History

You hit the orc.
You kill the orc!
Okawaru accepts your kill. Something hits you but does no damage.
The orc warrior hits you with a +0 war axe!
* * * LOW HITPOINT WARNING * * *
Unknown command.
You slash something! You block something's attack.
You miss something. You block the orc warrior's attack.
You gain the combat prowess of a mighty hero.
An orc wizard appears from thin air!
Reactivating autopickup.
The orc wizard casts a spell at you.
The magic dart hits you but does no damage.
The orc warrior hits you with a +0 war axe!
* * * LOW HITPOINT WARNING * * *
You closely miss the orc wizard. You headbutt the orc wizard!
You kill the orc wizard!
Okawaru accepts your kill.
The orc warrior hits you but does no damage.
Your base Shields skill increases to level 7!
Unknown command.
You hit the orc warrior.
The orc warrior is lightly wounded.
You completely miss the orc warrior. You headbutt the orc warrior.
The orc warrior is moderately wounded.
The orc warrior barely misses you.
You hit the orc warrior. Your headbutt misses the orc warrior.
The orc warrior is heavily wounded.
The orc warrior closely misses you.
You closely miss the orc warrior.
The orc warrior is heavily wounded.
You closely miss the orc warrior.
The orc warrior is heavily wounded.
The orc warrior hits you with a +0 war axe.
* * * LOW HITPOINT WARNING * * *
You slash the orc warrior!
The orc warrior is almost dead.
The orc warrior hits you with a +0 war axe!
You die...

...................#...≈...#.....
#############......########'..###
P#5oooo.o#≈8#..##.......)...###
.#≈≈≈≈≈≈≈#.P#...........##..#
/#..P≈≈..#)$#........##.#..##
.+..≈♣≈$.+.©#©.............### ##
/#..≈P≈..#|$#....).........#.###.
.#≈≈≈≈≈≈≈#.P#..o.....####..#.##..
P#...oK55#≈8#...@)....###.......♣
#############..)>###....#........
.................###...........♣.
.................##...###......♣♣
...##...##[...######.............
..##..####...## ##....#.#......♣♣
..............###.......#####..♣.
#..............###.##..## #....
###...#.........#..###.## #...♣


You could see an orc warrior.

Vanquished Creatures
  Pikel (D:4)
  Sigmund (D:5)
  A wyvern (D:7)
  A steam dragon (D:7)
  Menkaure (D:5)
  Duvessa (D:5)
  A water moccasin (D:7)
  A hornet zombie (D:6)
  2 sky beasts
  4 ogres
  A centaur (D:5)
  A phantom (D:5)
  2 kobold brigands (D:7)
  3 scorpions
  2 wyvern zombies
  Dowan (D:5)
  9 wights
  3 howler monkeys (D:7)
  A centaur zombie (D:5)
  A bullfrog zombie (D:6)
  A hound (D:6)
  A jelly (D:4)
  A centaur skeleton (D:6)
  An orc priest (D:5)
  A gnoll shaman (D:4)
  3 iguanas
  6 orc wizards
  A hound zombie (D:5)
  A howler monkey zombie (D:6)
  11 gnolls
  9 adders
  An adder zombie (D:5)
  5 worms
  3 dart slugs
  19 orcs
  6 bats
  14 endoplasms
  8 giant cockroaches
  10 goblins
  6 hobgoblins
  3 jackals (D:3)
  5 quokkas
  5 ball pythons
  8 frilled lizards
  18 kobolds
  8 rats
193 creatures vanquished.

Vanquished Creatures (others)
  An orc wizard (D:5)
1 creature vanquished.

Grand Total: 194 creatures vanquished

Notes
Turn   | Place    | Note
-------+----------+-------------------------------------------
     0 | D:1      | Peloso the Minotaur Fighter began the quest for the Orb.
     0 | D:1      | Reached XP level 1. HP: 19/19 MP: 0/0
   133 | D:1      | Reached XP level 2. HP: 15/27 MP: 1/1
   465 | D:1      | Reached XP level 3. HP: 24/33 MP: 2/2
  1381 | D:2      | Reached skill level 3 in Long Blades
  1636 | D:2      | Reached XP level 4. HP: 33/41 MP: 3/3
  2138 | D:3      | Reached skill level 4 in Long Blades
  2142 | D:3      | Reached XP level 5. HP: 20/47 MP: 4/4
  2370 | D:3      | Found a faded altar of an unknown god.
  2531 | D:3      | You fall into a shaft and drop 2 floors!
  2531 | D:5      | Entered Level 5 of the Dungeon
  2531 | D:5      | Noticed Menkaure
  2533 | D:5      | Noticed an ogre
  2533 | D:5      | Noticed a sky beast
  2537 | D:5      | Killed Menkaure
  2538 | D:5      | Reached skill level 5 in Fighting
  2538 | D:5      | Reached skill level 5 in Long Blades
  2538 | D:5      | Reached skill level 5 in Armour
  2538 | D:5      | Reached XP level 6. HP: 44/56 MP: 5/5
  2548 | D:5      | Reached skill level 1 in Dodging
  2572 | D:4      | Killed a sky beast
  3131 | D:3      | Reached XP level 7. HP: 61/61 MP: 6/6
  3376 | D:4      | Reached skill level 5 in Shields
  3547 | D:5      | Reached skill level 6 in Long Blades
  3756 | D:5      | Noticed Sigmund
  3767 | D:5      | Killed Sigmund
  3906 | D:5      | Reached XP level 8. HP: 49/70 MP: 7/7
  3912 | D:5      | Reached skill level 7 in Long Blades
  4306 | D:5      | Noticed Duvessa
  4307 | D:5      | Noticed Dowan
  4324 | D:5      | Killed Duvessa
  4337 | D:5      | Killed Dowan
  4439 | D:5      | Found Isin's Book Emporium.
  4611 | D:4      | Found a sacrificial altar of Ru.
  4711 | D:4      | Reached skill level 8 in Long Blades
  4750 | D:4      | Found a hide-covered altar of Uskayaw.
  4756 | D:4      | Found a snail-covered altar of Cheibriados.
  4927 | D:4      | Found a staircase to the Ecumenical Temple.
  4934 | Temple   | Entered the Ecumenical Temple
  5019 | Temple   | Became a worshipper of Warmaster Okawaru
  5073 | D:4      | Noticed Pikel
  5083 | D:4      | Killed Pikel
  5084 | D:4      | Reached skill level 9 in Long Blades
  5619 | D:5      | Reached XP level 9. HP: 78/78 MP: 8/8
  6040 | D:5      | Reached * piety under Okawaru
  6632 | D:6      | Reached skill level 10 in Long Blades
  6682 | D:6      | Noticed a kobold demonologist
  6688 | D:6      | Found a transporter.
  6806 | D:6      | Found a burning altar of Makhleb.
  6861 | D:6      | Found a basalt altar of Yredelemnul.
  6861 | D:6      | Found a stormy altar of Qazlal.
  7131 | D:6      | Found a transporter.
  7142 | D:6      | Noticed a kobold demonologist
  7599 | D:7      | Reached ** piety under Okawaru
  8231 | D:6      | Slain by an orc warrior

Illustrated notes

Levels and vault maps discovered:
D:1:      minmay_arrival_hallway, layout_basic, columned_hall_lemuel,
          minmay_worlds_worst_comb
D:2:      layout_rooms, kennysheep_generic_room_13
D:3:      layout_rooms, shapermc_ecumenical_altar_mp_highgroup
D:4:      layout_basic, nicolae_ru_awakened_eye, minitemple,
          minmay_temple_entry_mist, uniq_pikel
D:5:      layout_loops_ring, serial_shops, nicolae_shop_stone,
          nicolae_wormholes, uniq_duvessa, uniq_sigmund, uniq_menkaure
D:6:      gammafunk_wand_slinger, layout_cave_pools,
          mainiacjoe_overflow_divided_tiny, mainiacjoe_overflow_small_starburst,
          grunt_ministairs_12
D:7:      layout_cave_pods, nicolae_figureground_pulse
Temple:   dpeg_chambers_temple

Skill      XL: |  1  2  3  4  5  6  7  8  9 |
---------------+----------------------------+-----
Fighting       | 4 5 6 7 |  7.4
Armour         | 4 5 6 7 8 |  8.9
Shields        | 4 5 6 7 |  7.0
Long Blades    | 3 4 5 6 9 10 | 10.9
Dodging        | 2 3 4 |  4.8
Stealth        | |  0.7

Action                   |  1- 3 |  4- 6 |  7- 9 || total
-------------------------+-------+-------+-------++-------
Melee: Long sword        |   111 |   114 |   232 ||   457
       Headbutt          |    17 |    21 |    78 ||   116
       Falchion          |       |       |   132 ||   132
Invok: Heroism           |       |       |     1 ||     1
  Use: Potion            |       |     1 |       ||     1
Armor: Scale mail        |    64 |    83 |   126 ||   273
Dodge: Dodged            |    61 |    45 |   160 ||   266
Block: Buckler           |    27 |    26 |    91 ||   144
